 Dungeon Crawl Stone Soup version 0.28.0-53-g5a82cb258f (webtiles) character file.

Game seed: 7068601090825292113

45 eooof the Chopper (level 3, 0/34 HPs)
             Began as a Hill Orc Monk on June 29, 2022.
             Was a Priest of Beogh.
             Slain by a goblin
             ... wielding a +0 club
             ... led by Robin
              (4 damage)
             ... on level 2 of the Dungeon.
             The game lasted 00:06:14 (1212 turns).

eooof the Chopper (Hill Orc Monk)                   Turns: 1212, Time: 00:06:14

Health: 0/34       AC:  2    Str: 15    XL:     3   Next: 64%
Magic:  3/3        EV: 12    Int: 10    God:    Beogh [***...]
Gold:   92         SH:  0    Dex: 13    Spells: 2/2 levels left

rFire   . . .      SeeInvis .   a - +0 hand axe
rCold   . . .      Faith    .   (no shield)
rNeg    . . .      Spirit   .   b - +0 robe
rPois   .          Reflect  .   (no helmet)
rElec   .          Harm     .   (no cloak)
rCorr   .          Rampage  .   (no gloves)
Will    .....                   (no boots)
Stlth   ++........              (no amulet)
HPRegen 0.11/turn               (no ring)
MPRegen 0.08/turn               (no ring)

@: no status effects
A: no striking features
a: Renounce Religion, Smiting


You were on level 2 of the Dungeon.
You worshipped Beogh.
Beogh was most pleased with you.
You visited 1 branch of the dungeon, and saw 2 of its levels.

You collected 92 gold pieces.

Inventory:

Hand Weapons
 a - a +0 hand axe (weapon)
Armour
 b - a +0 robe (worn)
Scrolls
 d - a scroll of torment
Potions
 c - a potion of brilliance
 e - a potion of lignification


   Skills:
 * Level 4.4 Fighting
 * Level 4.7 Axes
 - Level 2.6 Dodging
 - Level 2.0 Stealth


You had 2 spell levels left.
You didn't know any spells.
Your spell library contained the following spells:

 Spells                   Type           Power      Damage    Failure   Level
 Sublimation of Blood     Necr           0%         N/A       50%         2
 Petrify                  Tmut/Erth      0%         N/A       98%         4
 Irradiate                Conj/Tmut      0%         3d13      100%        5


Dungeon Overview and Level Annotations

Branches:
Dungeon (2/15)

Altars:
Beogh

Annotations:
D:2 Robin


Message History

You feel sick.
You closely miss the kobold.
The kobold is severely wounded.
You feel sick. The kobold misses you.
You hit the kobold.
You kill the kobold!
Beogh accepts your kill.
You feel sick.
You feel sick.
Things that are here:
a +2 whip of venom; 4 stones You feel sick.
Things that are here:
a +0 dagger; a goblin corpse You feel sick.
You are no longer poisoned.
Things that are here:
a +2 whip of venom; 4 stones
Things that are here:
a +0 dagger; a goblin corpse A goblin comes into view.
It is wielding a +0 club. x2
Robin of the Strong Arm comes into view.
They are wielding a +0 vorpal spear.
The goblin shouts!
Robin shouts!
A goblin comes into view. It is wielding a +0 club. x2
A goblin comes into view. It is wielding a +0 club.
Robin roars a battlecry!
The goblins go into a battle-frenzy!
A hobgoblin comes into view.
You hear a shout! x3
Robin says, "Kneel, worm!"
Robin throws the goblin at you! The goblin misses you.
A hobgoblin comes into view.
Robin roars a battlecry!
The hobgoblin goes into a battle-frenzy!
The goblin barely misses you.
The hobgoblin shouts!
Robin throws the goblin at you!
* * * LOW HITPOINT WARNING * * *
The goblin hits you with a +0 club.
You die...

#........# #.#.#
#....#.### #.#.###
#..#...#####.....# #
#..#.............## #
... #....###......<# #
# #...........#.#.## #
###....#........# #
....##.#..#####
#######........g@###
##... .........gg..#
##.###.......#...#.#
................)).#
...#...#.....#...#####
####
.................#
.#.........#.####
##.#....gg..... .
#....##.g#..##


You could see Robin, a hobgoblin (strong) and 3 goblins.

Vanquished Creatures
  2 adders (D:2)
  A dart slug (D:1)
  2 endoplasms (D:1)
  A giant cockroach (D:1)
  2 goblins
  3 hobgoblins (D:1)
  4 jackals (D:1)
  A quokka (D:1)
  2 ball pythons
  A bat (D:1)
  A frilled lizard (D:1)
  2 kobolds
  3 rats (D:1)
25 creatures vanquished.

Vanquished Creatures (others)
  3 fungi (D:1)
  8 plants (D:1)
11 creatures vanquished.

Grand Total: 36 creatures vanquished

Notes
Turn   | Place    | Note
-------+----------+-------------------------------------------
     0 | D:1      | eooof the Hill Orc Monk began the quest for the Orb.
     0 | D:1      | Reached XP level 1. HP: 19/19 MP: 1/1
    27 | D:1      | Found a faded altar of an unknown god.
    51 | D:1      | Prayed at the altar of an unknown god.
    51 | D:1      | Became a worshipper of Beogh the Brigand
    51 | D:1      | Reached * piety under Beogh
    51 | D:1      | Reached ** piety under Beogh
    66 | D:1      | Reached XP level 2. HP: 7/27 MP: 2/2
    73 | D:1      | Reached *** piety under Beogh
   978 | D:1      | Reached XP level 3. HP: 19/33 MP: 3/3
  1204 | D:2      | Noticed Robin
  1212 | D:2      | Slain by a goblin

Illustrated notes

Levels and vault maps discovered:
D:1:      saegor_arrival_simple_e, layout_basic,
          dreamdust_ecumenical_altar_grove, dk_noncrumbling_3, item_on_display_a
D:2:      layout_basic, st_stairs_7, uniq_robin

Skill      XL: |  1  2 |
---------------+-------+-----
Fighting       | 4 |  4.4
Stealth        | 2 |  2.0
Axes           | |  4.7
Dodging        | |  2.6

Action                   || total
-------------------------++-------
Melee: Hand axe          ||    65
  Use: Scroll            ||     5
       Potion            ||     2
Armor: Robe              ||    11
Dodge: Dodged            ||    53
